 Dungeon Crawl Stone Soup version 0.29-a0-334-gb41bcbb86e (webtiles) character file.

Game seed: 6743584087424409396

897 spaghetti the Ogre Mage (level 8, -7/67 HPs)
             Began as an Ogre Fire Elementalist on Apr 13, 2022.
             Was a Priest of Okawaru.
             Mangled by a gnoll
             ... wielding a +0 flail
              (10 damage)
             ... on level 6 of the Dungeon.
             The game lasted 00:07:33 (6440 turns).

spaghetti the Ogre Mage (Ogre Fire Elementalist)    Turns: 6440, Time: 00:07:33

Health: -7/67      AC:  3    Str: 12 (13) XL:     8   Next: 7%
Magic:  0/18       EV: 11    Int: 17 (18) God:    Okawaru [***...]
Gold:   285        SH:  0    Dex:  8 (9)  Spells: 8/21 levels left

rFire   . . .      SeeInvis .   F - +1 dagger (venom) {short}
rCold   . . .      Faith    .   (no shield)
rNeg    + . .      Spirit   .   a - +0 robe
rPois   +          Reflect  .   (helmet restricted)
rElec   .          Harm     .   (no cloak)
rCorr   .          Rampage  .   (gloves unavailable)
Will    .....                   (boots unavailable)
Stlth   +++.......              (no amulet)
HPRegen 0.21/turn               s - ring of poison resistance
MPRegen 0.16/turn               d - ring of positive energy

@: heroic, attractive
A: large, unfitting armour, tough skin 1
a: Renounce Religion, Heroism


You were on level 6 of the Dungeon.
You worshipped Okawaru.
Okawaru was most pleased with you.
You visited 1 branch of the dungeon, and saw 6 of its levels.

You collected 285 gold pieces.


Innate Abilities, Weirdness & Mutations

You are too large for most types of armour.
You have tough skin. (AC +1)


   Skills:
 - Level 1.7(6.7) Dodging
 - Level 1.4(6.4) Stealth
 * Level 7.3 Spellcasting
 + Level 4.0 Conjurations
 + Level 4.8 Fire Magic


You had 8 spell levels left.
You knew the following spells:

 Your Spells              Type           Power      Damage    Failure   Level
a - Foxfire               Conj/Fire      84%        2x1d8     1%          1
b - Scorch                Fire           44%        2d7       2%          2
c - Conjure Flame         Conj/Fire      21%        6-21      5%          3
d - Inner Flame           Hex/Fire       14%        N/A       12%         3
e - Flame Wave            Conj/Fire      21%        2d7       19%         4

Your spell library contained the following spells:

 Spells                   Type           Power      Damage    Failure   Level
 Slow                     Hex            24%        N/A       12%         1
 Confusing Touch          Hex            6%         N/A       34%         3
 Vampiric Draining        Necr           6%         2d6       34%         3

Inventory:

Hand Weapons
 F - a +1 dagger of venom (weapon) {short}
   (You took it off an orc wizard on level 3 of the Dungeon)
Missiles
 h - 29 stones {throwing}
 k - 6 boomerangs {throwing}
 r - 14 poisoned darts {throwing}
Armour
 a - a +0 robe (worn)
Jewellery
 d - a ring of positive energy (right hand)
   (You found it on level 3 of the Dungeon)
 s - a ring of poison resistance (left hand)
   (You found it on level 2 of the Dungeon)
 t - a ring of ice
   (You found it on level 2 of the Dungeon)
Wands
 j - a wand of acid (8)
   (You found it on level 5 of the Dungeon)
 l - a wand of flame (13)
   (You found it on level 5 of the Dungeon)
Scrolls
 b - 4 scrolls of teleportation {unknown}
 e - a scroll of vulnerability {unknown}
 f - a scroll of identify {@r1}
 m - a scroll of fog {unknown}
 n - a scroll of torment {unknown}
 p - 2 scrolls of brand weapon {unknown}
 C - 7 scrolls of immolation {unknown}
Potions
 i - a potion of berserk rage {unknown}
 v - 3 potions of curing {unknown}
 w - 2 potions of flight {unknown}

Dungeon Overview and Level Annotations

Branches:
Dungeon (6/15)             Temple (0/1) D:5

Altars:
Cheibriados
Elyvilon
Hepliaklqana
Okawaru

Shops:
D:1

* ##.##............
#.>.............. .
#............... ..
..#...............
.....................
......##...ยง.........
..... ##.gJ..........
......#ggggยง....###..
.......@S...#####
........h...###
..............##
..$.....##.<...#
.......).........#
#....$.#)#..).#.....
##....$.)#)...##....
#...........## ##..
.......... .


You could see a hound, a jelly, 5 gnolls and an adder.


Message History

Confirm with . or Enter, or press ? or * to list all spells.
Aiming: Inner Flame (dangerous; 12% risk of failure)
Press: ? - help, Dir - move target, f - gnoll
Aim: a gnoll, wielding a +0 spear (ally target, chance to affect: 76%)
The gnoll is filled with an inner flame.
The foxfire hits the gnoll.
Flame seeps out of the gnoll.
The foxfire hits the gnoll.
Flame seeps out of the gnoll.
The gnoll is engulfed in blazing flames.
Okawaru accepts your kill.
The gnoll explodes!
You hear an angry hiss.
You hear a shout! x3
Your Conjurations skill increases to level 4! ๐Ÿ˜Ž MP[-3]
You lost 3 mp, and now have 5/18 mp.
Casting: Inner Flame (dangerous; 12% risk of failure)
Confirm with . or Enter, or press ? or * to list all spells.
Aiming: Inner Flame (dangerous; 12% risk of failure)
Press: ? - help, Dir - move target, f - gnoll
Aim: a gnoll, wielding a +0 flail (chance to affect: 76%)
You miscast Inner Flame.
You are very lightly contaminated with residual magic.
Nothing appears to happen.
An adder comes into view. ๐Ÿ˜Ž MP[-3]
You lost 3 mp, and now have 2/18 mp.
Casting: Inner Flame (dangerous; 12% risk of failure)
Confirm with . or Enter, or press ? or * to list all spells.
Flames lash the gnoll.
The gnoll's fire resistance burns away.
The gnoll hits you with a +0 flail. ๐Ÿ˜• HP[-6] MP[-2]
You take 6 damage, and now have 61/67 hp.
You lost 2 mp, and now have 0/18 mp.
Casting: Scorch (safe; 2% risk of failure)
Confirm with . or Enter, or press ? or * to list all spells.
You don't have enough magic to cast this spell.
The gnoll hits you with a +0 flail. ๐Ÿ˜• MP[+1]
The gnoll attacks as you move away! The gnoll hits you with a +0 flail!
A gnoll comes into view. It is wielding a +0 whip.
Found an escape hatch in the floor.
The gnoll shouts!
You hear a shout! ๐Ÿ˜• HP[-7]
You take 7 damage, and now have 54/67 hp.
The gnoll attacks as you move away! The gnoll hits you with a +0 whip!
A gnoll and a hound come into view.
The gnoll shouts!
You hear a shout! ๐Ÿ˜ฎ HP[-7]
You take 7 damage, and now have 47/67 hp.
A gnoll and a jelly come into view.
The hound barks!
You hear a shout!
The gnoll is no longer more vulnerable to fire.
Your magical contamination has completely faded away.
A jelly comes into view.
The jelly moves out of view. ๐Ÿ˜ฎ HP[+1]
The gnoll hits you with a +0 flail!
The gnoll closely misses you. ๐Ÿ˜ฎ HP[-11]
You take 11 damage, and now have 37/67 hp.
The gnoll attacks as you move away! The gnoll hits you but does no damage.
The adder bites you. x2
* * * LOW HITPOINT WARNING * * *
๐Ÿ˜จ HP[-6] MP[+1]
You take 6 damage, and now have 31/67 hp.
The gnoll attacks as you move away! The gnoll hits you with a +0 flail!
* * * LOW HITPOINT WARNING * * *
๐Ÿ˜จ HP[-11]
You take 11 damage, and now have 20/67 hp.
The gnoll attacks as you move away! The gnoll hits you with a +0 whip.
* * * LOW HITPOINT WARNING * * *
The adder attacks as you move away! The adder closely misses you.
The gnoll attacks as you move away! The gnoll hits you with a +0 flail.
* * * LOW HITPOINT WARNING * * *
The hound stops to sniff the ground. ๐Ÿ˜ฑ HP[-5]
You take 5 damage, and now have 15/67 hp.
You gain the combat prowess of a mighty hero.
The adder closely misses you.
The hound barely misses you. ๐Ÿ˜ฑ MP[-2]
You lost 2 mp, and now have 0/18 mp.
Unknown command.
Okay, then.
It was a potion of attraction.
You feel attractive to monsters. The adder bites you but does no damage.
The hound bites you.
* * * LOW HITPOINT WARNING * * *
The adder bites you but does no damage. The gnoll hits you with a +0 flail.
* * * LOW HITPOINT WARNING * * *
The hound bites you but does no damage. The gnoll hits you with a +0 whip.
* * * LOW HITPOINT WARNING * * *
The gnoll is attracted toward you.
The jelly is attracted toward you. ๐Ÿ˜ฑ HP[-7]
You take 7 damage, and now have 8/67 hp.
Unknown command.
It was a potion of degeneration.
There was something very wrong with that liquid.
You feel weakened.
You feel dopey.
You feel clumsy. The hound bites you.
* * * LOW HITPOINT WARNING * * *
The adder barely misses you. The gnoll hits you with a +0 flail!
You die...

Skill      XL: |  1  2  3  4  5  6  7  8 |
---------------+-------------------------+-----
Conjurations   | 1 2 3 4 |  4.0
Spellcasting   | 3 4 5 7 |  7.3
Fire Magic     | 3 4 |  4.8
Dodging        | |  1.7
Stealth        | |  1.4

Action                   |  1- 3 |  4- 6 |  7- 9 || total
-------------------------+-------+-------+-------++-------
Melee: Unarmed           |    38 |    16 |       ||    54
       Punch             |     1 |       |       ||     1
       Dagger            |       |    12 |     1 ||    13
 Cast: Foxfire           |    60 |   116 |    55 ||   231
       Scorch            |    10 |       |     1 ||    11
       Inner Flame       |       |       |     3 ||     3
Invok: Heroism           |       |       |     1 ||     1
  Use: Potion            |     4 |       |     2 ||     6
       Scroll            |     2 |       |       ||     2
Armor: Robe              |    25 |    15 |     5 ||    45
       Skin              |     4 |       |       ||     4
Dodge: Dodged            |    52 |    21 |    10 ||    83

Levels and vault maps discovered:
D:1:      minmay_arrival_solitary_statue, layout_rooms,
          shapermc_ecumenical_altar_pompeii, serial_shops,
          nicolae_shop_overgrown_old_shop
D:2:      layout_basic
D:3:      layout_loops_cross, mainiacjoe_overflow_small_starburst,
          lemuel_coloured_pillars_altar, uniq_robin
D:4:      layout_cave_pools, elyvilon_altar_4, kennysheep_pointless_box,
          grunt_decor_junction
D:5:      layout_gridville, minmay_temple_entry_grid, serial_shops,
          nicolae_shop_advertising_works [nicolae_subvault_shop_adworks],
          nicolae_shop_gadgets
D:6:      layout_cave_pools

Notes
Turn   | Place    | Note
-------+----------+-------------------------------------------
     0 | D:1      | spaghetti the Ogre Fire Elementalist began the quest for
                  | the Orb.
     0 | D:1      | Reached XP level 1. HP: 16/16 MP: 3/3
     0 | D:1      | magus.rc [v1.9.6]
   162 | D:1      | Found a faded altar of an unknown god.
   171 | D:1      | Prayed at the altar of an unknown god.
   171 | D:1      | Became a worshipper of Warmaster Okawaru
   171 | D:1      | Reached * piety under Okawaru
   177 | D:1      | Reached skill level 1 in Conjurations
   267 | D:1      | Found Natrim's Assorted Antiques.
   292 | D:1      | HP: 4/16 [jackal (3)]
   296 | D:1      | Reached XP level 2. HP: 7/24 MP: 0/5
   297 | D:1      | HP: 4/24 [ball python (1)]
   381 | D:1      | Learned a level 2 spell: Scorch
   559 | D:1      | Reached skill level 3 in Spellcasting
  1765 | D:2      | Reached skill level 3 in Fire Magic
  1765 | D:2      | Reached XP level 3. HP: 31/31 MP: 4/7
  1769 | D:2      | Learned a level 3 spell: Conjure Flame
  2401 | D:3      | Noticed Robin
  2449 | D:3      | HP: 6/31 [goblin/+0 club[Robin] (2)]
  2453 | D:3      | Killed Robin
  2872 | D:3      | Found a snail-covered altar of Cheibriados.
  2922 | D:3      | Reached XP level 4. HP: 39/39 MP: 5/9
  2932 | D:3      | Reached skill level 4 in Spellcasting
  3228 | D:3      | Reached skill level 2 in Conjurations
  3500 | D:3      | Found a hazy altar of Hepliaklqana.
  3937 | D:3      | Reached XP level 5. HP: 41/45 MP: 11/11
  4215 | D:4      | You pick up a book of Debilitation and begin reading...
  4215 | D:4      | You add the spells Slow, Vampiric Draining and Confusing
                  | Touch to your library.
  4322 | D:4      | Noticed a phantom
  4333 | D:4      | Killed a phantom
  4334 | D:4      | Reached skill level 5 in Spellcasting
  4334 | D:4      | Reached XP level 6. HP: 37/53 MP: 2/13
  4627 | D:4      | Reached ** piety under Okawaru
  4735 | D:4      | Reached skill level 4 in Fire Magic
  4871 | D:4      | Reached skill level 3 in Conjurations
  5028 | D:4      | Found a white marble altar of Elyvilon.
  5111 | D:5      | Entered Level 5 of the Dungeon
  5118 | D:5      | Reached XP level 7. HP: 55/59 MP: 8/15
  5185 | D:5      | Reached skill level 6 in Spellcasting
  5355 | D:5      | HP: 10/59 [ogre/+0 giant club (27)]
  5633 | D:5      | Found Yppu's Distillery.
  5641 | D:5      | Found Ajyowkim's Gadget Gallery.
  5735 | D:5      | Found a staircase to the Ecumenical Temple.
  6255 | D:5      | Reached *** piety under Okawaru
  6256 | D:5      | Reached skill level 7 in Spellcasting
  6261 | D:5      | Learned a level 3 spell: Inner Flame
  6266 | D:5      | Learned a level 4 spell: Flame Wave
  6421 | D:6      | Reached XP level 8. HP: 67/67 MP: 11/18
  6425 | D:6      | Reached skill level 4 in Conjurations
  6437 | D:6      | HP: 16/67 [gnoll/+0 whip (4)]
  6440 | D:6      | HP: 3/67 [hound (5)]
  6440 | D:6      | Mangled by a gnoll

Vanquished Creatures
  An ogre (D:5)
  A phantom (D:4)
  A necrophage (D:5)
  A gnoll sergeant (D:6)
  3 scorpions
  2 jellies
  2 hounds
  3 orc priests
  2 iguanas
  An orc wizard (D:3)
  Robin (D:3)
  3 gnolls (D:6)
  3 adders
  A white imp (D:5)
  An ufetubus (D:4)
  4 worms
  10 orcs
  3 bats
  7 endoplasms
  A giant cockroach (D:4)
  4 hobgoblins
  4 jackals (D:1)
  3 quokkas
  6 ball pythons
  2 frilled lizards
  8 goblins
  7 kobolds
  6 rats
91 creatures vanquished.

Vanquished Creatures (collateral kills)
  2 foxfires (D:1)
2 creatures vanquished.

Vanquished Creatures (others)
  385 foxfires
385 creatures vanquished.

Grand Total: 478 creatures vanquished

Table legend:
 A = Non-vault XP
 B = Vault XP
 C = Vault XP percentage of total XP
 D = Non-vault monster count
 E = Vault monster count
 F = Vault count percentage of total count
                 A         B        C        D         E       F
            +---------+---------+-------+---------+---------+-------
      Total |    1252 |      30 |   2.3 |      82 |       9 |   9.9
            +---------+---------+-------+---------+---------+-------
        D:1 |      27 |       0 |   0.0 |      18 |       0 |   0.0
        D:2 |      10 |       0 |   0.0 |       5 |       0 |   0.0
        D:3 |     145 |      28 |  16.2 |      28 |       8 |  22.2
        D:4 |     334 |       2 |   0.6 |      13 |       1 |   7.1
        D:5 |     611 |       0 |   0.0 |      14 |       0 |   0.0
        D:6 |     125 |       0 |   0.0 |       4 |       0 |   0.0
            +---------+---------+-------+---------+---------+-------

Illustrated notes

Table legend:
 A = Kills in this place as a percentage of kills in entire the game.
 B = Kills by you in this place as a percentage of kills by you in the entire game.
 C = Kills by friends in this place as a percentage of kills by friends in the entire game.
 D = Other kills in this place as a percentage of other kills in the entire game.
 E = Experience gained in this place as a percentage of experience gained in the entire game.
 F = Experience gained in this place divided by the number of levels of this place that you have seen.
                   A       B       C       D       E      F
               +-------+-------+-------+-------+-------+----------------------
         Total | 100.0 | 100.0 |   N/A |   N/A | 100.0 | 213.7
       Dungeon | 100.0 | 100.0 |   N/A |   N/A | 100.0 | 213.7
               +-------+-------+-------+-------+-------+----------------------

Table legend: (Time is in decaauts)
 A = Elapsed time spent in this place.
 B = Non-inter-level travel time spent in this place.
 C = Inter-level travel time spent in this place.
 D = Time resting spent in this place.
 E = Time spent auto-exploring this place.
 F = Levels seen in this place.
 G = Mean time per level.
                   A        B        C        D        E       F      G
               +--------+--------+--------+--------+--------+-----+--------+
         Total |   6438 |   6214 |    224 |    881 |   4637 |   6 | 1073.0 |
       Dungeon |   6438 |   6214 |    224 |    881 |   4637 |   6 | 1073.0 |
               +--------+--------+--------+--------+--------+-----+--------+

Top non-repeatable levels by time:
     D:3: 1844 daAuts
     D:5: 1303 daAuts
     D:1: 1211 daAuts
     D:2: 1080 daAuts
     D:4: 973 daAuts
     D:6: 24 daAuts
